 Dungeon Crawl Stone Soup version 0.27.1-15-g792fb953b9 (webtiles) character file.

Game seed: 9809435862723769246

135033 deusastra the Warrior (level 16, -19/247 HPs)
             Began as a Minotaur Fighter on Nov 18, 2021.
             Was a High Priest of Trog.
             Killed from afar by Nikola (36 damage)
             ... with an arc of chain lightning
             ... on level 4 of the Snake Pit on Nov 19, 2021.
             The game lasted 02:43:17 (45279 turns).

deusastra the Warrior (Minotaur Fighter)           Turns: 45279, Time: 02:43:19

Health: -19/247    AC: 32    Str: 26    XL:     16   Next: 63%
Magic:  0/15       EV:  2    Int:  8    God:    Trog [*****.]
Gold:   415        SH: 22    Dex: 12    Spells: 15/15 levels left

rFire    . . .     SeeInvis .   W - +2 double sword (vorpal)
rCold    . . .     Faith    .   c - +2 tower shield {reflect}
rNeg     + + +     Spirit   +   (armour currently unavailable)
rPois    +         Reflect  +   (helmet currently unavailable)
rElec    .         Harm     .   (cloak currently unavailable)
rCorr    .         Rampage  .   (gloves currently unavailable)
Will     ++...     NoTele   +   (boots currently unavailable)
Stlth    +.........             O - amulet "Nika" {Spirit Will+ Int+3 Slay+3}
HPRegen  0.51/turn              d - ring of poison resistance
MPRegen  0.14/turn              V - +4 ring of protection

@: tree-form, on berserk cooldown, slowed, studying Fighting, very slow
A: stationary, stasis, torment immunity, boosted hp, (horns 2), (retaliatory
headbutt)
a: Renounce Religion, Berserk, Trog's Hand, Brothers in Arms


You were on level 4 of the Snake Pit.
You worshipped Trog.
Trog was extremely pleased with you.
You were a tree.
You visited 5 branches of the dungeon, and saw 24 of its levels.
You visited 1 bazaar.
You also visited: Ossuary and Gauntlet.

You collected 2542 gold pieces.
You spent 2127 gold pieces at shops.

Inventory:

Hand Weapons
 K - a +2 falchion of freezing
 N - the +13 triple sword "Orb Guardian's Doom" {flame, rCorr}
   (Trog gifted it to you in a Gauntlet)

   It burns those it strikes, dealing additional fire damage.
   Big, fiery blades are also staple armaments of hydra-hunters.
   rCorr:     It protects you from acid and corrosion.
 W - a +2 vorpal double sword (weapon)
Missiles
 n - 56 poisoned darts (quivered)
Armour
 a - a +0 pair of gloves (melded)
 b - a +2 plate armour of poison resistance (melded)
 c - a +2 tower shield of reflection (worn)
 E - a +0 cloak (melded)
 F - the +5 plate armour "Qepidoeh" {Int+2}
   (You bought it in a shop in a bazaar)

   Int:       It affects your intelligence (+2).
 T - the -2 pair of boots "Daozel" (melded) {Str+3 Stlth+}
   (You found it in a Gauntlet)

   Str:       It affects your strength (+3).
   Stlth:     It makes you more stealthy.
Jewellery
 d - a ring of poison resistance (left branch)
 p - a +6 ring of dexterity
 r - a ring of flight
 C - a +6 ring of dexterity
 H - a ring of fire
 O - the amulet "Nika" (around neck) {Spirit Will+ Int+3 Slay+3}
   (You took it off a centaur on level 8 of the Dungeon)

   [amulet of guardian spirit]

   It causes incoming damage to be divided between your reserves of health and
   magic.
   Int:       It affects your intelligence (+3).
   Slay:      It affects your accuracy & damage with ranged weapons and melee
   (+3).
   Will:      It increases your willpower.
 V - a +4 ring of protection (right branch)
 X - the ring "Banuz" {Ice +Blink Int+5 Stlth+}
   (You found it on level 1 of the Lair of Beasts)

   [ring of ice]

   It enhances your ice magic.
   Int:       It affects your intelligence (+5).
   rF:        It makes you vulnerable to fire.
   rC:        It protects you from cold.
   +Blink:    It lets you blink.
   Stlth:     It makes you more stealthy.
 Y - a ring of ice
 Z - a +4 ring of evasion
Wands
 e - a wand of digging (8)
 x - a wand of charming (10)
 I - a wand of polymorph (32)
 P - a wand of flame (62)
 Q - a wand of iceblast (34)
 U - a wand of acid (1)
Scrolls
 f - 11 scrolls of teleportation
 h - 5 scrolls of blinking
 i - 10 scrolls of identify
 j - 2 scrolls of holy word {unknown}
 l - a scroll of torment {unknown}
 o - 3 scrolls of fog
 s - 3 scrolls of summoning
 u - a scroll of silence {unknown}
 v - 2 scrolls of acquirement {unknown}
 y - 2 scrolls of immolation {unknown}
 A - 4 scrolls of fear
 B - 6 scrolls of enchant armour {unknown}
 D - a scroll of enchant weapon {unknown}
 G - 3 scrolls of brand weapon {unknown}
 L - 4 scrolls of magic mapping
 M - a scroll of vulnerability {unknown}
Potions
 g - 5 potions of curing
 k - 6 potions of lignification
 m - a potion of cancellation {unknown}
 q - 3 potions of flight
 t - 2 potions of haste
 w - a potion of berserk rage {unknown}
 z - 3 potions of invisibility
 J - 3 potions of magic {unknown}
 R - 2 potions of might
 S - a potion of resistance {unknown}


   Skills:
 * Level 20.4 Fighting
 * Level 18.3 Long Blades
 * Level 18.4 Armour
 + Level 13.9 Shields
 + Level 4.1 Evocations


You had 15 spell levels left.
You didn't know any spells.
Your spell library contained the following spells:

 Spells                   Type           Power      Damage    Failure   Level
 Magic Dart               Conj           0%         1d3       88%         1
 Searing Ray              Conj           0%         3d3       95%         2
 Slow                     Hex            0%         N/A       95%         2
 Confusing Touch          Hex            0%         N/A       99%         3
 Ozocubu's Armour         Ice            0%         N/A       99%         3
 Vampiric Draining        Necr           0%         2d6       99%         3
 Fulminant Prism          Conj/Hex       0%         3d6       100%        4
 Blade Hands              Tmut           0%         N/A       100%        5
 Irradiate                Conj/Tmut      0%         3d13      100%        5
 Metabolic Englaciation   Hex/Ice        0%         N/A       100%        5
 Simulacrum               Ice/Necr       0%         N/A       100%        6
 Dragon Form              Tmut           0%         N/A       100%        7


Dungeon Overview and Level Annotations

Branches:
Dungeon (11/15)            Temple (1/1) D:6            Lair (6/6) D:10
 Shoals (0/4) Lair:4        Snake (4/4) Lair:4        Slime (0/5) Lair:5
    Orc (2/2) D:10            Elf (0/3) Orc:2       Ossuary (visited)
Gauntlet (visited)

Altars:
Ashenzari
Cheibriados
Dithmenos
Elyvilon
Fedhas
Gozag
Hepliaklqana
Kikubaaqudgha
Makhleb
Nemelex Xobeh
Okawaru
Qazlal
Ru
Sif Muna
Trog
Uskayaw
Vehumet
Wu Jian
Xom
Yredelemnul
Zin
The Shining One
Beogh
Jiyva

Shops:
D:1 [   D:2 *[!   D:3 ?   D:6 (   Orc:2 *([[=

Annotations:
D:8 2 transporters
Lair:1 3 runed translucent doors, tizbic2's ghost, journeyman GnWz
Lair:2 exclusion: 2 oklob plants
Snake:4 Nikola


Innate Abilities, Weirdness & Mutations

You are a tree.
Your roots penetrate the ground, keeping you stationary.
You cannot be teleported.
You are immune to unholy pain and torment.
Your maximum health is greatly increased.
Your equipment is partially melded.
((You have a pair of horns on your head.))
((You reflexively headbutt those who attack you in melee.))


Message History

You feel yourself moving faster!
You feel mighty!
Nikola says, "There's a spark of magic in your eyes."
Nikola hits you but does no damage.
You slice Nikola!! You headbutt Nikola!
Nikola is lightly wounded.
Nikola gestures wildly while chanting.
Nikola blinks!
You feel a strong urge to attack something.
Nikola casts a spell.
Nikola blinks!
You feel your anger nearly subside.
You are no longer berserk.
You are exhausted.
You feel as though you will be slow longer.
You slice Nikola!! Your headbutt misses Nikola.
Nikola is moderately wounded.
You block Nikola's attack.
You slice Nikola!!
Nikola is heavily wounded.
You block Nikola's attack. x2
You barely miss Nikola.
Nikola is heavily wounded.
Nikola points at you and mumbles some strange words.
The bolt of lightning hits you!!!
You hit Nikola but do no damage.
Nikola is heavily wounded.
You block Nikola's attack.
Nikola casts a spell.
Lightning arcs from Nikola's hands!
The bolt of lightning hits you!!!!
Ouch! That really hurt!
* * * LOW HITPOINT WARNING * * *
A bolt of lightning appears from out of thin air!
The bolt of lightning hits Nikola!
You turn into a tree.
Your +0 cloak melds into your body.
Your +0 pair of gloves melds into your body.
The -2 pair of boots "Daozel" {Str+3 Stlth+} melds into your body.
Your +2 plate armour of poison resistance melds into your body.
Your roots penetrate the ground.
Nikola casts a spell.
Lightning arcs from Nikola's hands!
The bolt of lightning hits you!!!
You die...

#...................####..
#....................##...
#.........................
####..............##.....#
#....................##
##.####.............## ##
##..............# ###
####.................
#∩###...♣@....####.......
#.##.....###### ####....
##......### ####.
#.......##### #
####........###
#..........###
####.......... ###........
##..#......


You could see Nikola.

Vanquished Creatures
  Saint Roka (Orc:2)
  Donald (Snake:2)
  4 nagarajas
  A minotaur (Gauntlet)
  10 naga warriors
  A fire dragon (Lair:6)
  2 salamander tyrants
  Fannar (D:11)
  5 hydras
  A ghost crab (Gauntlet)
  A centaur warrior (D:11)
  10 anacondas
  2 two-headed ogres
  Erica (D:11)
  5 shock serpents
  An orc high priest (Orc:2)
  Sonja (Lair:3)
  12 naga sharpshooters
  3 salamander mystics (Snake:4)
  A sea snake (Snake:1)
  5 naga ritualists
  A swamp dragon (Lair:6)
  2 phantasmal warriors (D:9)
  3 orc knights
  A necromancer (Lair:6)
  6 mana vipers
  A wolf spider (Lair:6)
  4 orc sorcerers
  2 ugly things
  36 black mambas
  4 guardian serpents
  7 salamanders
  Maurice (D:11)
  13 elephants
  14 naga magi
  A gargoyle (D:7)
  2 torpor snails
  2 unseen horrors
  13 cane toads
  Psyche (D:9)
  18 komodo dragons
  7 rime drakes
  A queen bee (Lair:3)
  4 trolls
  5 polar bears
  2 slime creatures
  4 hornets
  10 blink frogs
  3 dream sheep
  2 centaur simulacra (Gauntlet)
  3 redbacks (Lair:6)
  4 shadows (D:10)
  4 wraiths
  10 wyverns
  3 basilisks
  72 yaks
  2 steam dragons
  41 nagas
  2 wargs
  3 acid dragons (Lair:6)
  28 water moccasins
  3 sky beasts
  A swamp drake (Lair:6)
  17 orc warriors
  A black bear (D:7)
  An ice beast (D:5)
  A necrophage (D:6)
  8 ogres
  A phantom (D:6)
  17 wolves
  7 centaurs
  3 kobold brigands
  9 bullfrogs
  A scorpion (D:4)
  A water moccasin zombie (D:3)
  A hornet simulacrum (Gauntlet)
  34 killer bees
  3 troll zombies (D:10)
  16 wights
  6 electric eels
  3 howler monkeys (D:8)
  2 bullfrog zombies
  2 centaur zombies
  2 hounds
  5 jellies
  A gnoll shaman (D:5)
  10 orc priests
  6 iguanas
  Crazy Yiuf (D:5)
  3 polar bear simulacra (Lair:6)
  Natasha (thrice) (D:3)
  21 orc wizards
  2 hell rats (Lair:2)
  4 yak simulacra (Lair:6)
  A scorpion zombie (D:4)
  2 wolf simulacra (Lair:6)
  A killer bee zombie (D:8)
  5 ogre zombies (D:10)
  A hound skeleton (D:5)
  8 mummies (Ossuary)
  2 howler monkey zombies (D:9)
  12 gnolls
  5 adders
  2 howler monkey skeletons
  9 river rats (Lair:2)
  2 shadow imps
  A white imp (D:6)
  An ufetubus (D:4)
  An adder skeleton (D:4)
  4 worms
  3 dart slugs
  58 orcs
  11 ball pythons
  4 endoplasms
  3 giant cockroaches
  11 hobgoblins
  2 quokkas
  5 bats
  3 frilled lizards
  A gnoll zombie (Ossuary)
  8 goblins
  2 goblin skeletons (D:10)
  2 goblin zombies (D:10)
  3 hobgoblin zombies (Ossuary)
  18 kobolds
  3 kobold zombies (Ossuary)
  6 orc skeletons (D:10)
  16 orc zombies
  6 rats
  2 river rat simulacra (Lair:6)
  A butterfly (Lair:6)
832 creatures vanquished.

Vanquished Creatures (collateral kills)
  A nagaraja (Snake:4)
  2 naga warriors (Snake:3)
  A salamander mystic (Snake:2)
  A mana viper (Snake:4)
  2 salamanders (Snake:2)
  A black mamba (Snake:4)
  2 naga magi (Snake:3)
  2 dream sheep (Lair:6)
  A naga (Snake:3)
13 creatures vanquished.

Vanquished Creatures (others)
  A guardian serpent (Snake:3)
  An orc (Orc:2)
  A demonic plant (Gauntlet)
  36 fungi
  143 plants
182 creatures vanquished.

Grand Total: 1027 creatures vanquished

Notes
Turn   | Place    | Note
-------+----------+-------------------------------------------
     0 | D:1      | deusastra the Minotaur Fighter began the quest for the Orb.
     0 | D:1      | Reached XP level 1. HP: 19/19 MP: 0/0
   181 | D:1      | Reached XP level 2. HP: 27/27 MP: 1/1
   252 | D:1      | Reached skill level 4 in Fighting
   403 | D:1      | Found Zockogen's Antique Armour Shop.
   655 | D:2      | Reached XP level 3. HP: 33/33 MP: 2/2
  1114 | D:2      | Found Jez Cul's Distillery.
  1190 | D:2      | Found Hegog's Armour Shoppe.
  1241 | D:2      | Found Veirut's Assorted Antiques.
  1400 | D:2      | Reached XP level 4. HP: 27/41 MP: 3/3
  1665 | D:3      | Noticed an ogre
  1981 | D:4      | Noticed a scorpion
  1986 | D:4      | Killed a scorpion
  1987 | D:4      | Reached XP level 5. HP: 47/47 MP: 4/4
  1998 | D:4      | Reached skill level 5 in Fighting
  1998 | D:4      | Reached skill level 5 in Armour
  2495 | D:3      | Reached XP level 6. HP: 56/56 MP: 5/5
  2546 | D:3      | Found a faded altar of an unknown god.
  2871 | D:3      | Found Zikk's Magic Scroll Emporium.
  2925 | D:3      | Noticed Natasha
  2930 | D:3      | Killed Natasha
  2982 | D:3      | Reached skill level 5 in Long Blades
  3055 | D:3      | Noticed Natasha
  3076 | D:3      | Killed Natasha
  3077 | D:3      | Reached skill level 6 in Fighting
  3194 | D:3      | Noticed Natasha
  3201 | D:3      | Killed Natasha
  3202 | D:3      | Reached XP level 7. HP: 61/63 MP: 6/6
  3511 | D:5      | Entered Level 5 of the Dungeon
  3590 | D:5      | Reached skill level 5 in Shields
  3632 | D:5      | Noticed a wraith
  4083 | D:5      | Found a sand-covered staircase.
  4092 | Ossuary  | Entered an ossuary
  4319 | Ossuary  | Reached skill level 7 in Fighting
  4386 | Ossuary  | Reached XP level 8. HP: 68/73 MP: 7/7
  5316 | D:2      | Bought a glowing triple sword for 299 gold pieces
  5590 | D:5      | Found a runed translucent door.
  5591 | D:5      | Noticed Crazy Yiuf
  5597 | D:5      | Killed Crazy Yiuf
  5725 | D:6      | Found Zianlul's Antique Weapon Boutique.
  5868 | D:6      | Found a staircase to the Ecumenical Temple.
  5872 | D:6      | You are sucked into a shaft and drop 2 floors!
  5970 | D:7      | Reached skill level 8 in Fighting
  6149 | D:7      | Noticed a purple ugly thing
  6200 | D:8      | Reached XP level 9. HP: 81/82 MP: 8/8
  6561 | Temple   | Entered the Ecumenical Temple
  7260 | Temple   | Became a worshipper of Trog the Wrathful
  7280 | D:6      | Found the +2 robe of Vines {NoPotionHeal Regen+++}
  7980 | D:6      | Killed a purple ugly thing
  7981 | D:6      | Reached skill level 9 in Fighting
  8842 | D:7      | Noticed a two-headed ogre
  8870 | D:7      | Noticed a gargoyle
  8882 | D:6      | Reached * piety under Trog
  9096 | D:6      | Killed a two-headed ogre
  9097 | D:6      | Reached skill level 10 in Fighting
  9097 | D:6      | Reached skill level 10 in Armour
  9097 | D:6      | Reached XP level 10. HP: 70/93 MP: 9/9
  9548 | D:7      | Killed a gargoyle
  9648 | D:7      | Reached skill level 10 in Long Blades
 10224 | D:8      | Found a transporter.
 10225 | D:8      | Found a transporter.
 10427 | D:8      | Noticed a boulder beetle
 10653 | D:8      | Identified the amulet "Nika" {Spirit Will+ Int+3 Slay+3}
 11013 | D:9      | Noticed Psyche
 11025 | D:9      | Killed Psyche
 11057 | D:9      | Noticed a two-headed ogre
 11201 | D:9      | Killed a two-headed ogre
 11202 | D:9      | Reached skill level 11 in Fighting
 11647 | D:9      | Identified the +3 leather armour of Supple Strength {rPois
                  | Str-4 SInv}
 11667 | D:9      | Noticed a phantasmal warrior
 11667 | D:9      | Noticed a phantasmal warrior
 11679 | D:9      | Killed a phantasmal warrior
 12170 | D:9      | Killed a phantasmal warrior
 12171 | D:9      | Reached XP level 11. HP: 46/102 MP: 3/10
 12416 | D:9      | Noticed a green ugly thing
 12424 | D:9      | Killed a green ugly thing
 12427 | D:9      | Reached ** piety under Trog
 12474 | D:9      | Noticed a death knight
 12886 | D:10     | Entered Level 10 of the Dungeon
 13026 | D:10     | Found a staircase to the Lair.
 13262 | D:10     | Found a staircase to the Orcish Mines.
 13262 | D:10     | Noticed an orc sorcerer
 13289 | D:10     | Killed an orc sorcerer
 13380 | D:10     | Reached skill level 12 in Fighting
 13506 | D:10     | Reached *** piety under Trog
 14288 | D:10     | Found a white marble altar of Elyvilon.
 14547 | Orc:1    | Entered Level 1 of the Orcish Mines
 14828 | Orc:2    | Entered Level 2 of the Orcish Mines
 14894 | Orc:2    | Reached **** piety under Trog
 15106 | Orc:2    | Noticed an orc sorcerer
 15314 | Lair:1   | Entered Level 1 of the Lair of Beasts
 15574 | Lair:1   | Found a runed translucent gate.
 15575 | Lair:1   | Found a runed translucent gate.
 15581 | Lair:1   | Found a runed translucent gate.
 15790 | D:10     | Reached XP level 12. HP: 82/113 MP: 9/11
 16229 | Lair:1   | Reached skill level 13 in Fighting
 16422 | Lair:1   | Noticed a minotaur
 16423 | Lair:1   | Noticed tizbic2's ghost (journeyman GnWz)
 16695 | Lair:1   | Identified the ring "Banuz" {Ice +Blink Int+5 Stlth+}
 17159 | Orc:2    | Reached skill level 10 in Shields
 17224 | Orc:2    | Paralysed by an orc sorcerer for 7 turns
 18541 | Orc:2    | Found Imic's Armour Shop.
 18544 | Orc:2    | Noticed Saint Roka
 19441 | D:11     | Noticed Erica
 19455 | D:11     | Killed Erica
 19676 | D:11     | Noticed Maurice
 19691 | D:11     | Killed Maurice
 19880 | D:11     | Noticed a centaur warrior
 20025 | D:11     | Noticed Fannar
 20051 | D:11     | Killed Fannar
 20110 | D:11     | Killed a centaur warrior
 20445 | Lair:2   | Noticed a four-headed hydra
 20453 | Lair:1   | Reached skill level 14 in Fighting
 20504 | Lair:2   | Killed a ten-headed hydra
 20549 | Lair:2   | Reached ***** piety under Trog
 20634 | Lair:2   | Reached XP level 13. HP: 124/124 MP: 12/12
 20810 | Lair:2   | Received a gift from Trog
 23571 | Lair:3   | Noticed Sonja
 23588 | Lair:3   | Killed Sonja
 23589 | Lair:3   | Reached skill level 15 in Fighting
 23964 | Lair:3   | Reached skill level 15 in Armour
 24564 | Orc:2    | Found a staircase to the Elven Halls.
 24882 | Orc:2    | Killed Saint Roka
 24883 | Orc:2    | Reached skill level 15 in Long Blades
 25472 | Orc:2    | Found Ecukk's Antique Armour Emporium.
 25494 | Orc:2    | Found Kajim's Jewellery Emporium.
 25720 | Orc:2    | Found Qorovys's General Store.
 25726 | Orc:2    | Bought a potion of might for 56 gold pieces
 25774 | Orc:2    | Found Wuka's Antique Weapon Emporium.
 26216 | Orc:2    | Bought a +2 plate armour of poison resistance for 629 gold
                  | pieces
 26403 | Lair:4   | Found a staircase to the Snake Pit.
 26562 | Lair:4   | Reached XP level 14. HP: 113/135 MP: 13/13
 26729 | Lair:4   | Found a staircase to the Shoals.
 28126 | Lair:5   | You fall into a shaft and drop 1 floor!
 28126 | Lair:6   | Entered Level 6 of the Lair of Beasts
 28259 | Lair:6   | Found a gate leading to a gauntlet.
 28268 | Gauntlet | Entered a Gauntlet
 28268 | Gauntlet | Found a transporter.
 28273 | Gauntlet | Found a transporter.
 28274 | Gauntlet | Found a transporter.
 28287 | Gauntlet | Found a transporter.
 28289 | Gauntlet | Found a transporter.
 28303 | Gauntlet | Found a transporter.
 28308 | Gauntlet | Found a runed translucent door.
 28315 | Gauntlet | Found a transporter.
 28328 | Gauntlet | Found a transporter.
 28333 | Gauntlet | Found a transporter.
 28334 | Gauntlet | Found a transporter.
 28341 | Gauntlet | Found a runed translucent door.
 28344 | Gauntlet | Found a transporter.
 28346 | Gauntlet | Found a transporter.
 28346 | Gauntlet | Found a runed translucent door.
 28374 | Gauntlet | Found a transporter.
 28388 | Gauntlet | Found a transporter.
 28548 | Gauntlet | Identified the +13 triple sword "Orb Guardian's Doom"
                  | {flame, rCorr} (Trog gifted it to you in a Gauntlet)
 28548 | Gauntlet | Received a gift from Trog
 28727 | Gauntlet | Identified the -2 pair of boots "Daozel" {Str+3 Stlth+}
 28784 | Gauntlet | Identified the +5 ring mail of the Comet {Regen+}
 29019 | Gauntlet | Identified the +1 robe of Barphiy {rN++ Int-2 Dex+4
                  | Archmagi}
 29019 | Gauntlet | Identified the +2 rapier of Supply {vorpal, rPois SInv}
 29133 | Lair:6   | Reached skill level 16 in Fighting
 30130 | Lair:5   | Found a staircase to the Slime Pits.
 30130 | Lair:5   | Found a viscous altar of Jiyva.
 30640 | Lair:5   | Upgraded the game from 0.27.1-4-g1640c2035a to
                  | 0.27.1-15-g792fb953b9
 30925 | Lair:6   | Reached skill level 17 in Fighting
 30950 | Lair:6   | Received a gift from Trog
 31971 | Lair:6   | Reached XP level 15. HP: 140/141 MP: 14/14
 35197 | Orc:2    | Bought a ring of poison resistance for 260 gold pieces
 35374 | Snake:1  | Entered Level 1 of the Snake Pit
 36009 | Snake:1  | Reached skill level 18 in Fighting
 37568 | Snake:1  | Reached skill level 1 in Evocations
 37951 | Snake:2  | Noticed Donald
 38041 | Snake:2  | Killed Donald
 39573 | Snake:2  | Reached skill level 19 in Fighting
 40659 | Snake:3  | Noticed a nagaraja
 40667 | Snake:3  | Killed a nagaraja
 40719 | Snake:3  | Reached XP level 16. HP: 117/160 MP: 6/15
 42189 | Snake:4  | Entered Level 4 of the Snake Pit
 43503 | Snake:4  | Reached skill level 20 in Fighting
 44905 | Snake:4  | Found a gateway to a bazaar.
 44923 | Bazaar   | Entered a bazaar
 44947 | Bazaar   | Found Qoebu's Magic Scroll Emporium.
 44962 | Bazaar   | Found Syxex's Magic Scroll Shop.
 44982 | Bazaar   | Found Adwoluab's Weapon Emporium.
 44991 | Bazaar   | Found Nedy's Antique Armour Shop.
 45020 | Bazaar   | Found Usamaegio's Book Shop.
 45104 | Bazaar   | Bought a smoking plate armour for 588 gold pieces
 45104 | Bazaar   | Identified the +5 plate armour "Qepidoeh" {Int+2} (You
                  | bought it in a shop in a bazaar)
 45142 | Bazaar   | Bought a scroll of blinking for 75 gold pieces
 45142 | Bazaar   | Bought a scroll of blinking for 75 gold pieces
 45142 | Bazaar   | Bought a scroll of identify for 20 gold pieces
 45142 | Bazaar   | Bought a scroll of teleportation for 30 gold pieces
 45142 | Bazaar   | Bought a scroll of fear for 35 gold pieces
 45142 | Bazaar   | Bought a scroll of identify for 20 gold pieces
 45142 | Bazaar   | Bought a scroll of identify for 20 gold pieces
 45142 | Bazaar   | Bought a scroll of identify for 20 gold pieces
 45240 | Snake:4  | Identified the +0 pair of gloves "Samagov" {rC+ MP+9 Str+6}
 45240 | Snake:4  | Noticed Nikola
 45279 | Snake:4  | Killed from afar by Nikola

Illustrated notes

Levels and vault maps discovered:
D:1:      dpeg_arrival_long_road, layout_loops_ring, serial_shops,
          nicolae_shop_statue_plus
D:2:      cheibrodos_greedy_goblins, layout_rooms, serial_shops, shop, shop,
          nicolae_square_shop
D:3:      layout_basic, shapermc_ecumenical_altar_mp_vishouse, serial_shops,
          shop, serial_rivers, chequers_serial_rivers_large_b,
          chequers_serial_rivers_large_a, chequers_serial_rivers_micro_c,
          chequers_serial_rivers_micro_e, minmay_crystal_room, uniq_natasha
D:4:      layout_basic, grunt_decor_fettered, grunt_ministairs_15
D:5:      layout_basic, enter_ossuary_1, uniq_crazy_yiuf_cottage
D:6:      layout_rooms, temple_statues, serial_shops, nicolae_stop_n_shop_2
D:7:      minmay_cornered_nines, layout_cave_pools, kennysheep_flooded_box,
          hangedman_abyss_or_decor_lesser_grid, grunt_ministairs_11
D:8:      gammafunk_boulding_lane, layout_basic, moated_statue
D:9:      layout_small_grid, uniq_psyche
D:10:     layout_roguey, kennysheep_little_box, david_lair_shrubbed,
          zombieorc2_lemuel
D:11:     layout_roguey, uniq_fannar, uniq_erica, uniq_maurice
Temple:   nicolae_temple_the_god_donut
Lair:1:   layout_misc_corridors, maelrawn_ghost_gauntlet_escape
Lair:2:   layout_hall_layers, kennysheep_rathole, infiniplex_staircase_pool_2,
          minmay_lair_oklob_chamber
Lair:3:   layout_loops_ring, special_room [special_room_bee],
          serial_bayou_ford_a, beast_lair_carwin_9, serial_bayou_shore_a,
          uniq_sonja
Lair:4:   layout_cave_pods, shoals_dummy_entry,
          minmay_snake_entry_guardpost_small, serial_bayou, serial_bayou_pond_d,
          serial_bayou_pond_b, serial_bayou_lake_a, serial_bayou_lagoon_a
Lair:5:   layout_regular_city, slime_altar_1
Lair:6:   guppyfry_lair_end_dragon, layout_cellular_growth,
          hangedman_lair_tendril_chambers, gauntlet_entry_generic,
          eino_house_with_fridge, lemuel_fruit_fields
Snake:1:  nicolae_snake_shooting_gallery, layout_rooms,
          nicolae_snake_biting_tails
Snake:2:  layout_cave_town, uniq_donald
Snake:3:  nicolae_snake_hallway, layout_concentric_octagons
Snake:4:  johnstein_snake_rune_scales, layout_grid_shapes, serial_shops,
          statue_bzr, nicolae_snake_gridmaze_waves, uniq_saint_roka, uniq_nikola
Orc:1:    layout_caves
Orc:2:    grunt_orc_cross, layout_caves, serial_shops, nicolae_shop_crystal,
          basic_altar, minmay_orc_temple_a

Skill      XL: |  1  2  3  4  5  6  7  8  9 10 11 12 13 14 15 16 |
---------------+-------------------------------------------------+-----
Fighting       | 4 5 6 7 8 10 11 12 14 15 17 19 20 | 20.4
Armour         | 4 5 6 7 8 10 11 12 14 15 16 17 18 | 18.4
Long Blades    | 3 4 5 6 7 9 11 12 13 15 16 17 18 | 18.3
Shields        | 4 5 6 7 8 9 10 11 12 13 | 13.9
Evocations     | 2 4 |  4.1

Action                   |  1- 3 |  4- 6 |  7- 9 | 10-12 | 13-15 | 16-18 || total
-------------------------+-------+-------+-------+-------+-------+-------++-------
Melee: Long sword        |    90 |       |   124 |   598 |       |       ||   812
       Headbutt          |    13 |    24 |    89 |   274 |   440 |    73 ||   913
       Falchion          |    10 |   106 |   241 |   164 |   770 |       ||  1291
       Scimitar          |       |       |       |    55 |   144 |       ||   199
       Double sword      |       |       |       |       |   407 |   245 ||   652
Throw: Dart              |       |    14 |    11 |    58 |    15 |       ||    98
Invok: Berserk           |       |       |     1 |     5 |     6 |     3 ||    15
       Trog's Hand       |       |       |       |     2 |     8 |     5 ||    15
       Brothers in Arms  |       |       |       |       |     4 |     4 ||     8
Evoke: Wand              |       |       |       |     5 |     3 |     1 ||     9
  Use: Scroll            |       |       |     1 |     5 |     9 |     4 ||    19
       Potion            |       |       |     3 |     2 |     3 |     2 ||    10
Armor: Scale mail        |    40 |       |       |       |       |       ||    40
       Plate armour      |       |    46 |   177 |   377 |   612 |    63 ||  1275
       Skin              |       |       |    28 |       |       |       ||    28
Dodge: Dodged            |    38 |    22 |    78 |   138 |   226 |    19 ||   521
Block: Kite shield       |    43 |    58 |   221 |   457 |   347 |       ||  1126
       Tower shield      |       |       |       |       |   870 |   247 ||  1117
       Reflection        |       |       |       |       |    86 |    48 ||   134
       Rpst.: Long sword |     7 |       |     7 |    24 |       |       ||    38
       Falchion          |       |     5 |     7 |     3 |    23 |       ||    38
       Scimitar          |       |       |       |     6 |    10 |       ||    16
       Double sword      |       |       |       |       |    14 |     1 ||    15
